 Dungeon Crawl Stone Soup version 0.23.2-30-g0e89c35649 (webtiles) character file.

Game seed: 3309943338363865377

412 teukkam the Skirmisher (level 6, -3/56 HPs)
             Began as a Minotaur Fighter on June 19, 2019.
             Was a Priest of Cheibriados.
             Slain by an orc warrior
             ... wielding a +0 scimitar
              (23 damage)
             ... on level 7 of the Dungeon.
             The game lasted 00:07:45 (2953 turns).

teukkam the Skirmisher (Minotaur Fighter)           Turns: 2953, Time: 00:07:46

Health: -3/56      AC:  8    Str: 29    XL:     6   Next: 59%
Magic:  5/5        EV:  8    Int: 16    God:    Cheibriados [***...]
Gold:   171        SH: 11    Dex: 17    Spells: 5/5 levels left

rFire    . . .     SeeInvis .   a - +0 war axe
rCold    . . .     Gourm    .   y - +0 shield
rNeg     . . .     Faith    .   C - +0 scale mail
rPois    .         Spirit   .   (helmet restricted)
rElec    .         Reflect  .   (no cloak)
rCorr    .         Harm     .   (no gloves)
MR       .....                  (no boots)
Stlth    ..........             (no amulet)
HPRegen  0.18/turn              s - +1 ring of protection
MPRegen  0.09/turn              q - +4 ring of intelligence

@: very slow
A: retaliatory headbutt, horns 2
a: Bend Time, Temporal Distortion, Renounce Religion


You were on level 7 of the Dungeon.
You worshipped Cheibriados.
Cheibriados was most pleased with you.
You were not hungry.

You visited 1 branch of the dungeon, and saw 5 of its levels.

You collected 171 gold pieces.

Inventory:

Hand Weapons
 a - a +0 war axe (weapon)
 b - a +0 hunting sling
 c - a +2 flail of crushing
Missiles
 e - 143 stones (quivered)
 l - 12 poisoned needles
 n - 14 bolts
 w - 22 sling bullets
Armour
 y - a +0 shield (worn)
 C - a +0 scale mail (worn)
Jewellery
 m - an uncursed ring of resist corrosion
 q - a +4 ring of intelligence (right hand)
 s - a +1 ring of protection (left hand)
Scrolls
 g - 3 scrolls of teleportation {unknown}
 h - a scroll of enchant armour {unknown}
 i - a scroll of enchant weapon {unknown}
 j - 2 scrolls of fear {unknown}
 p - a scroll of identify {unknown}
 t - 2 scrolls of remove curse {unknown}
 A - a scroll of blinking {unknown}
 D - a scroll of amnesia {unknown}
Potions
 d - a potion of might
 k - a potion of invisibility {unknown}
 o - a potion of resistance {unknown}
 r - a potion of brilliance {unknown}
 u - a potion of flight {unknown}
 v - 2 potions of curing {unknown}
 x - 2 potions of heal wounds {unknown}
 B - a potion of ambrosia {unknown}
Comestibles
 f - 3 rations
 z - a chunk of flesh


   Skills:
 + Level 5.6 Fighting
 + Level 4.6 Axes
 + Level 5.4 Armour
 + Level 5.3 Shields


You had 5 spell levels left.
You didn't know any spells.
Your spell library was empty.

Dungeon Overview and Level Annotations

Branches:
Dungeon (4/15)
 Temple: D:4-7

Altars:
Ashenzari
Cheibriados
Hepliaklqana
Kikubaaqudgha
Nemelex Xobeh
Sif Muna
Yredelemnul
Zin


Innate Abilities, Weirdness & Mutations

You reflexively headbutt those who attack you in melee.
You have a pair of horns on your head.


Message History

The orc hits you but does no damage.
You barely miss the orc warrior. You headbutt the orc warrior.
The orc warrior is heavily wounded.
You hit the orc.
You kill the orc!
Cheibriados appreciates the change of pace.
The orc warrior closely misses you.
The orc priest calls upon Beogh to heal the orc warrior.
The orc warrior is healed somewhat.
You block the orc's attack.
You barely miss the orc warrior.
The orc warrior is moderately wounded.
You slash the orc!
You kill the orc!
Cheibriados thoroughly appreciates the change of pace.
The orc warrior barely misses you.
The orc warrior hits you with a +0 scimitar.
The orc priest calls upon Beogh to heal the orc warrior.
The orc warrior is healed somewhat.
The orc warrior hits you with a +0 scimitar!!
You die...

#......#
#......####
#...<.(....
#..........
#....(..o..
#...(.o....
###)####
#.)oo..#
#...@..#
#......+
##.....#
#.....#
#######


You could see an orc warrior and an orc priest.

Vanquished Creatures
  An orc warrior (D:7)
  A hound (D:4)
  A bullfrog skeleton (D:4)
  An orc priest (D:3)
  3 orc wizards
  6 adders
  3 oozes
  A worm (D:2)
  2 dart slugs (D:2)
  2 leopard geckos (D:3)
  6 orcs
  4 giant cockroaches
  4 goblins
  8 hobgoblins
  8 jackals (D:1)
  A quokka (D:2)
  A ball python (D:2)
  6 bats
  6 frilled lizards
  4 kobolds
  A quokka skeleton (D:4)
  7 rats
77 creatures vanquished.

Notes
Turn   | Place    | Note
-------+----------+-------------------------------------------
     0 | D:1      | teukkam the Minotaur Fighter began the quest for the Orb.
     0 | D:1      | Reached XP level 1. HP: 19/19 MP: 0/0
     2 | D:2      | Found a snail-covered altar of Cheibriados.
    18 | D:2      | Became a worshipper of Cheibriados the Contemplative
   129 | D:1      | Reached XP level 2. HP: 27/27 MP: 1/1
   157 | D:1      | Reached * piety under Cheibriados
   384 | D:1      | Reached XP level 3. HP: 33/33 MP: 2/2
  1151 | D:2      | Found a glowing silver altar of Zin.
  1154 | D:2      | Found a hazy altar of Hepliaklqana.
  1155 | D:2      | Found a shattered altar of Ashenzari.
  1155 | D:2      | Found a deep blue altar of Sif Muna.
  1327 | D:2      | Reached XP level 4. HP: 41/41 MP: 3/3
  1428 | D:2      | Reached ** piety under Cheibriados
  1734 | D:3      | Found an ancient bone altar of Kikubaaqudgha.
  1826 | D:3      | Found a basalt altar of Yredelemnul.
  1868 | D:3      | Reached XP level 5. HP: 15/47 MP: 4/4
  2297 | D:3      | Reached skill level 5 in Fighting
  2783 | D:4      | Reached *** piety under Cheibriados
  2831 | D:4      | Reached skill level 5 in Armour
  2831 | D:4      | Reached skill level 5 in Shields
  2890 | D:4      | Found a sparkling altar of Nemelex Xobeh.
  2923 | D:4      | You fall through a shaft for 3 floors!
  2929 | D:7      | Noticed an orc warrior
  2937 | D:7      | Reached XP level 6. HP: 38/56 MP: 5/5
  2944 | D:7      | Killed an orc warrior
  2945 | D:7      | Noticed an orc warrior
  2953 | D:7      | Slain by an orc warrior

Skill      XL: |  1  2  3  4  5 |
---------------+----------------+-----
Fighting       | 4 5 |  5.6
Armour         | 4 5 |  5.4
Shields        | 4 5 |  5.3
Axes           | 3 4 |  4.6

Action                   |  1- 3 |  4- 6 || total
-------------------------+-------+-------++-------
Melee: War axe           |    78 |    80 ||   158
       Headbutt          |     6 |    14 ||    20
 Fire: Hunting sling     |       |    15 ||    15
  Eat: Chunk             |       |     2 ||     2
Armor: Scale mail        |    34 |    31 ||    65
Dodge: Dodged            |    31 |    19 ||    50
Block: Shield            |    48 |    45 ||    93
